 Dungeon Crawl Stone Soup version 0.25-a0-583-g696c2ac64d (webtiles) character file.

Game seed: 17983022813090095915, levelgen mode: deterministic

19530 Maize the Severer (level 12, 0/113 HPs)
             Began as a Minotaur Berserker on Mar 8, 2020.
             Was a High Priest of Trog.
             Splashed by an acid dragon's acid (6 damage)
             ... on level 3 of the Lair of Beasts.
             The game lasted 00:14:53 (10224 turns).

Maize the Severer (Minotaur Berserker)             Turns: 10224, Time: 00:14:54

Health: 0/113      AC: 16    Str: 26    XL:     12   Next: 37%
Magic:  0/11       EV: 11    Int:  8    God:    Trog [*****.]
Gold:   664        SH:  0    Dex: 11    Spells: 11/11 levels left

rFire    . . .     SeeInvis +   F - +4 battleaxe (flame)
rCold    + . .     Gourm    .   (shield currently unavailable)
rNeg     . . .     Faith    .   w - +4 chain mail of the Lost Path {Int+4}
rPois    .         Spirit   +   L - +0 hat {SInv}
rElec    .         Reflect  .   (no cloak)
rCorr    .         Harm     .   (no gloves)
MR       ++...                  (no boots)
Stlth    ..........             d - amulet of guardian spirit
HPRegen  1.28/turn              e - ring of protection from cold
MPRegen  0.12/turn              v - +1 ring of evasion

@: lethally poisoned (0 -> -1), berserk cooldown, regenerating, slowed, very
slow
A: retaliatory headbutt, horns 2
a: Berserk, Trog's Hand, Brothers in Arms, Renounce Religion


You were on level 3 of the Lair of Beasts.
You worshipped Trog.
Trog was extremely pleased with you.
You were near starving.

You visited 2 branches of the dungeon, and saw 12 of its levels.
You also visited: Sewer.

You collected 664 gold pieces.

Inventory:

Hand Weapons
 F - a +4 battleaxe of flaming (weapon)
 H - a +1 executioner's axe of flaming
 M - a +6 antimagic battleaxe
Armour
 w - the +4 chain mail of the Lost Path (worn) {Int+4}
   (You found it on level 4 of the Dungeon)

   It affects your intelligence (+4).
 K - a +0 plate armour
 L - a +0 hat of see invisible (worn)
Jewellery
 b - a +3 ring of intelligence
 d - an amulet of guardian spirit (around neck)
 e - a ring of protection from cold (left hand)
 v - a +1 ring of evasion (right hand)
Wands
 q - a wand of flame (38)
 r - a wand of scattershot (6)
 t - a wand of disintegration (7)
 y - a wand of iceblast (22)
 G - a wand of polymorph (8)
Scrolls
 a - a scroll of vulnerability
 f - 5 scrolls of teleportation
 h - 2 scrolls of fog
 j - 6 scrolls of immolation
 p - 7 scrolls of remove curse {unknown}
 s - 2 scrolls of magic mapping
 x - a scroll of blinking
 A - 2 scrolls of silence
 J - a scroll of enchant weapon
Potions
 g - a potion of lignification {unknown}
 i - 2 potions of resistance
 l - a potion of haste {unknown}
 m - 2 potions of berserk rage
 n - 3 potions of invisibility {unknown}
 u - 5 potions of heal wounds
 z - 8 potions of curing
 B - 2 potions of brilliance {unknown}
 C - a potion of flight {unknown}
 D - a potion of stabbing {unknown}
 E - 4 potions of degeneration {unknown}
 I - a potion of cancellation
Miscellaneous
 k - a lamp of fire
Comestibles
 c - 25 rations
 o - 10 chunks of flesh


   Skills:
 + Level 12.6 Fighting
 * Level 16.6 Axes
 + Level 12.3 Armour
 - Level 2.4 Dodging


You had 11 spell levels left.
You didn't know any spells.
Your spell library was empty.

Dungeon Overview and Level Annotations

Branches:
Dungeon (9/15)             Temple (0/1) D:4            Lair (3/6) D:9
    Orc (0/2) D:9           Sewer (visited)
  Swamp: Lair:2-4    Shoals: Lair:2-4     Snake: Lair:2-4    Spider: Lair:2-4

Altars:
Elyvilon
Xom
The Shining One


Innate Abilities, Weirdness & Mutations

You reflexively headbutt those who attack you in melee.
You have a pair of horns on your head.


Message History

You kill the rime drake!
Trog accepts your kill.
You are too berserk!
You are no longer berserk.
You are exhausted.
You feel yourself slow down.
You feel sick.
You see here a rime drake corpse.
You butcher the rime drake corpse.
You feel sick.
A rime drake comes into view.
Things that are here:
6 chunks of flesh; a rime drake skeleton Your skin crawls.
You feel resistant to hostile enchantments.
You are near starving!
The rime drake hisses angrily.
The acid dragon spits acid at you. The splash of acid hits you.
* * * LOW HITPOINT WARNING * * *
You are splashed with acid!
You die...

..............#.#
.............#..#
..###.##P...###.#
## ..# #######.#
#.# ≈# ^.# ###
#.##§ ..# #.#≈##
..# ##:#.≈## .
... #...†≈.##≈k.
... ##[@...DD..§
... #...††......
.................
##..##..........#
## #.........##
#........##
#..........
........$...
.............


You could see a rime drake, a steam dragon and an acid dragon.

Vanquished Creatures
  Gastronok (Lair:1)
  Erolcha (D:9)
  Harold (D:7)
  A hydra (Lair:1)
  3 death yaks (D:9)
  An ugly thing (D:6)
  2 spiny frogs (Lair:3)
  6 rime drakes
  3 trolls (D:9)
  A polar bear (Lair:3)
  5 dream sheep (Lair:2)
  5 blink frogs (Lair:1)
  2 hippogriffs
  A wyvern (Lair:3)
  Grum (D:8)
  8 yaks
  A basilisk (Lair:2)
  3 steam dragons (Lair:3)
  4 water moccasins
  7 porcupines
  Duvessa (D:7)
  2 black bears
  3 ice beasts
  A sky beast (D:5)
  5 orc warriors (D:9)
  2 phantoms
  3 centaurs
  2 wolves (D:8)
  A necrophage (D:7)
  7 ogres
  4 crocodiles
  7 big kobolds
  5 bullfrogs
  3 gnoll sergeants (D:9)
  A water moccasin zombie (D:9)
  A wyvern skeleton (D:9)
  Dowan (D:7)
  3 howler monkeys
  4 crimson imps
  A bullfrog zombie (D:7)
  3 hounds
  A quasit (D:9)
  An orc priest (D:9)
  A bullfrog skeleton (D:4)
  2 centaur skeletons (D:8)
  3 orc wizards
  Ijyb (D:3)
  3 iguanas
  6 worker ants
  3 hound zombies
  A hound skeleton (D:6)
  2 worker ant zombies
  14 adders
  15 gnolls
  8 river rats
  An ooze (D:7)
  2 adder zombies
  4 worms
  6 dart slugs
  5 leopard geckos
  22 orcs
  6 ball pythons
  9 bats
  4 giant cockroaches
  4 goblins
  5 hobgoblins
  16 jackals
  26 kobolds
  4 quokkas
  4 frilled lizards
  2 jackal skeletons (D:5)
  30 rats
  2 fungi (Lair:2)
  A plant (Lair:3)
331 creatures vanquished.

Vanquished Creatures (collateral kills)
  The ghost of Beaer the Covert, a novice SpAs of Okawaru (D:6)
1 creature vanquished.

Grand Total: 332 creatures vanquished

Notes
Turn   | Place    | Note
-------+----------+-------------------------------------------
     0 | D:1      | Maize the Minotaur Berserker began the quest for the Orb.
     0 | D:1      | Reached XP level 1. HP: 19/19 MP: 0/0
    96 | D:1      | Reached XP level 2. HP: 15/27 MP: 1/1
   307 | D:1      | Reached skill level 4 in Axes
   920 | D:2      | Reached XP level 3. HP: 29/33 MP: 0/2
   990 | D:2      | Reached ** piety under Trog
  1391 | D:2      | Reached XP level 4. HP: 39/40 MP: 3/3
  1565 | D:2      | Reached skill level 5 in Axes
  2058 | D:3      | Noticed Ijyb
  2076 | D:3      | Killed Ijyb
  2417 | D:3      | Reached XP level 5. HP: 45/47 MP: 4/4
  2784 | D:4      | Noticed an ogre
  2790 | D:4      | Killed an ogre
  2790 | D:4      | Reached skill level 5 in Fighting
  2790 | D:4      | Reached skill level 6 in Axes
  2835 | D:4      | Reached XP level 6. HP: 31/56 MP: 3/5
  3020 | D:4      | Reached skill level 7 in Axes
  3056 | D:4      | Found a staircase to the Ecumenical Temple.
  3071 | D:4      | Got a smoking chain mail
  3082 | D:4      | Identified the +4 chain mail of the Lost Path {Int+4} (You
                  | found it on level 4 of the Dungeon)
  3271 | D:4      | Reached skill level 5 in Armour
  3271 | D:4      | Reached XP level 7. HP: 59/62 MP: 6/6
  3279 | D:4      | Reached *** piety under Trog
  3655 | D:5      | Entered Level 5 of the Dungeon
  3690 | D:5      | Found a glowing drain.
  3774 | Sewer    | Entered a sewer
  3983 | Sewer    | Reached skill level 8 in Axes
  4179 | Sewer    | Reached **** piety under Trog
  4544 | D:5      | Reached XP level 8. HP: 66/71 MP: 5/7
  5028 | D:6      | Reached skill level 9 in Axes
  5088 | D:6      | Reached ***** piety under Trog
  5088 | D:6      | Received a gift from Trog
  5138 | D:6      | Found a glowing golden altar of the Shining One.
  5422 | D:6      | Found a runed translucent door.
  5424 | D:6      | Noticed Beaer's ghost (novice SpAs)
  5424 | D:6      | Noticed a cyan ugly thing
  5437 | D:6      | Killed a cyan ugly thing
  5437 | D:6      | Reached skill level 10 in Axes
  5467 | D:6      | Killed Beaer's ghost
  5467 | D:6      | Reached XP level 9. HP: 26/81 MP: 6/8
  5957 | D:7      | Noticed Harold
  5971 | D:7      | Killed Harold
  5971 | D:7      | Reached skill level 11 in Axes
  5974 | D:7      | Noticed Duvessa
  5975 | D:7      | Noticed Dowan
  6099 | D:7      | Killed Dowan
  6239 | D:7      | Killed Duvessa
  6297 | D:7      | Found a white marble altar of Elyvilon.
  6450 | D:8      | Reached skill level 12 in Axes
  6982 | D:8      | Reached XP level 10. HP: 91/91 MP: 9/9
  7342 | D:8      | Noticed Grum
  7348 | D:8      | Killed Grum
  7737 | D:9      | Received a gift from Trog
  7838 | D:9      | Noticed Erolcha
  7848 | D:9      | Killed Erolcha
  7848 | D:9      | Reached skill level 10 in Fighting
  7848 | D:9      | Reached skill level 13 in Axes
  7926 | D:9      | Noticed a death yak
  7928 | D:9      | Found a staircase to the Lair.
  7928 | D:9      | Noticed a death yak
  7928 | D:9      | Noticed a death yak
  7934 | D:9      | Killed a death yak
  7934 | D:9      | Reached skill level 10 in Armour
  7938 | D:9      | Killed a death yak
  7938 | D:9      | Killed a death yak
  7938 | D:9      | Reached skill level 14 in Axes
  7938 | D:9      | Reached XP level 11. HP: 96/101 MP: 6/10
  8408 | D:9      | Found a staircase to the Orcish Mines.
  8651 | Lair:1   | Entered Level 1 of the Lair of Beasts
  8829 | Lair:1   | Reached skill level 15 in Axes
  8830 | Lair:1   | Noticed an eight-headed hydra
  8838 | Lair:1   | Killed a five-headed hydra
  8956 | Lair:1   | Noticed Gastronok
  8977 | Lair:1   | Killed Gastronok
  8977 | Lair:1   | Received a gift from Trog
  9433 | Lair:2   | Reached XP level 12. HP: 112/112 MP: 4/11
  9473 | Lair:2   | Reached skill level 16 in Axes
 10039 | Lair:3   | Found a shimmering altar of Xom.
 10224 | Lair:3   | Splashed by an acid dragon's acid

Levels and vault maps discovered:
D:1:      mainiacjoe_arrival_reflecting_pool, layout_basic, minmay_domino_2
D:2:      layout_basic, first_ration
D:3:      layout_basic, uniq_ijyb
D:4:      layout_cave_pods, minmay_temple_entry_butterflies
D:5:      layout_loops_ring, portal_sewer_entry_a
D:6:      layout_basic, ebering_ghost_inner_flame, basic_altar
D:7:      layout_rooms, kennysheep_mini_moat, uniq_harold, uniq_duvessa
D:8:      layout_basic, grunt_ogre_cave, uniq_grum
D:9:      layout_stronghold, dpeg_lair_monsters,
          kennysheep_orc_monster_closet_entryway, uniq_erolcha
Lair:1:   layout_regular_city, fungi_pond_lemuel, infiniplex_staircase_pool,
          grunt_megastairs_4, uniq_gastronok
Lair:2:   layout_misc_corridors
Lair:3:   layout_chaotic_city, swamp_mist_pool, basic_altar,
          bobbens_dragon_lair_wall

Skill      XL: |  1  2  3  4  5  6  7  8  9 10 11 12 |
---------------+-------------------------------------+-----
Axes           | 4 5 6 7 8 10 12 14 15 16 | 16.6
Fighting       | 4 5 6 8 9 10 12 | 12.6
Armour         | 3 4 5 6 7 9 10 11 12 | 12.3
Dodging        | |  2.4

Action                   |  1- 3 |  4- 6 |  7- 9 | 10-12 || total
-------------------------+-------+-------+-------+-------++-------
Melee: Hand axe          |    71 |   167 |   220 |       ||   458
       Headbutt          |    11 |    31 |    55 |    44 ||   141
       Battleaxe         |       |       |   112 |   255 ||   367
Invok: Berserk           |       |       |     5 |     3 ||     8
       Brothers in Arms  |       |       |     1 |       ||     1
       Trog's Hand       |       |       |       |     1 ||     1
  Use: Potion            |       |       |     2 |       ||     2
       Scroll            |       |       |     1 |    10 ||    11
  Eat: Chunk             |     1 |     6 |    17 |    12 ||    36
Armor: Animal skin       |     6 |       |       |       ||     6
       Ring mail         |    21 |    67 |       |       ||    88
       Chain mail        |       |       |   196 |   143 ||   339
Dodge: Dodged            |    59 |    81 |   128 |   139 ||   407

Table legend:
 A = Non-vault XP
 B = Vault XP
 C = Vault XP percentage of total XP
 D = Non-vault monster count
 E = Vault monster count
 F = Vault count percentage of total count
                 A         B        C        D         E       F
            +---------+---------+-------+---------+---------+-------
      Total |   14588 |   13313 |  47.7 |     226 |     103 |  31.3
            +---------+---------+-------+---------+---------+-------
        D:1 |      30 |       1 |   3.2 |      16 |       1 |   5.9
        D:2 |     100 |       0 |   0.0 |      26 |       0 |   0.0
        D:3 |      47 |      35 |  42.7 |      19 |       1 |   5.0
        D:4 |     618 |       0 |   0.0 |      16 |       0 |   0.0
        D:5 |     410 |      28 |   6.4 |      24 |       3 |  11.1
        D:6 |     657 |     900 |  57.8 |      18 |       2 |  10.0
        D:7 |     207 |    1218 |  85.5 |       5 |       3 |  37.5
        D:8 |    1114 |     556 |  33.3 |      27 |       4 |  12.9
        D:9 |    2098 |    5645 |  72.9 |      33 |      32 |  49.2
     Lair:1 |    4200 |    2255 |  34.9 |      18 |       1 |   5.3
     Lair:2 |    2832 |       0 |   0.0 |      14 |       0 |   0.0
     Lair:3 |    2275 |    2355 |  50.9 |      10 |       8 |  44.4
      Sewer |       0 |     320 | 100.0 |       0 |      48 | 100.0
            +---------+---------+-------+---------+---------+-------
